 Dungeon Crawl Stone Soup version 0.21-a0-221-gfe971b9 (webtiles) character file.

88 miernota the Chopper (level 4, 0/40 HPs)
             Began as a Minotaur Berserker on Aug 27, 2017.
             Was a Believer of Trog.
             Slain by Sigmund
             ... wielding a +0 scythe
              (13 damage)
             ... on level 3 of the Dungeon.
             The game lasted 00:06:01 (1476 turns).

miernota the Chopper (Minotaur Berserker)           Turns: 1476, Time: 00:06:01

Health: 0/40       AC:  2    Str: 21    XL:     4   Next: 29%
Magic:  3/3        EV: 13    Int:  4    God:    Trog [**....]
Gold:   58         SH:  0    Dex: 11    Spells: 3/3 levels left

rFire    . . .     SeeInvis .   a - +0 hand axe
rCold    . . .     Gourm    .   (no shield)
rNeg     . . .     Faith    .   b - +0 animal skin
rPois    .         Spirit   .   (helmet restricted)
rElec    .         Reflect  .   (no cloak)
rCorr    .         Harm     .   (no gloves)
MR       .....                  (no boots)
Stlth    +.........             (no amulet)
HPRegen  0.13/turn              (no ring)
MPRegen  0.08/turn              (no ring)

@: confused
A: retaliatory headbutt, horns 2
a: Berserk, Trog's Hand, Burn Spellbooks, Renounce Religion


You were on level 3 of the Dungeon.
You worshipped Trog.
Trog was pleased with you.
You were not hungry.

You visited 1 branch of the dungeon, and saw 3 of its levels.

You collected 58 gold pieces.

Inventory:

Hand Weapons
 a - a +0 hand axe (weapon)
Armour
 b - a +0 animal skin (worn)
Scrolls
 d - a scroll of fear {unknown}
 e - 2 scrolls of identify {unknown}
 j - 2 scrolls of noise {unknown}
 k - a scroll of amnesia {unknown}
Potions
 f - a potion of curing {unknown}
 g - 2 potions of degeneration {unknown}
 i - a potion of invisibility {unknown}
 m - a potion of haste {unknown}
Comestibles
 c - 4 bread rations
 h - 5 fruits
 l - 3 chunks of flesh
 n - a royal jelly


   Skills:
 + Level 4.2 Fighting
 * Level 5.0 Axes
 + Level 3.1 Armour
 + Level 2.9 Dodging


You had 3 spell levels left.
You didn't know any spells.

Dungeon Overview and Level Annotations

Branches:
Dungeon (3/15)

Altars:

Annotations:
D:3 Sigmund


Innate Abilities, Weirdness & Mutations

You reflexively headbutt those who attack you in melee.
You have a pair of horns on your head.


Message History

You completely miss the orc. The orc hits you with a whip.
An orc and Sigmund come into view.
Sigmund gestures at you while chanting.
You are confused.
The orc misses you.
You're too confused to move!
The orc hits you with a whip.
* * * LOW HITPOINT WARNING * * *
Sigmund's eyes start glowing with a red light.
You hit the orc. You headbutt the orc.
You kill the orc!
Trog accepts your kill.
Sigmund gestures wildly while chanting.
Sigmund flickers and vanishes!
Deactivating autopickup; reactivate with Ctrl-A.
The kobold hits you with a club.
* * * LOW HITPOINT WARNING * * *
The orc hits you but does no damage.
You see here a whip.
Something hits you!
You die...

...................
...................
...................
...................
...................
..........<........
.......<............
........o.÷.........
.......K@...........
...................#
....................
....................
..........(........#
..........).........
.........†)[........
..........$....%...#
.######.............


You could see an orc and a kobold.

Vanquished Creatures
  2 adders (D:2)
  An ooze (D:1)
  A worm (D:2)
  4 dart slugs
  A leopard gecko (D:2)
  4 orcs (D:3)
  2 giant cockroaches
  3 hobgoblins
  6 jackals (D:3)
  3 kobolds (D:1)
  A quokka (D:3)
  5 bats
  3 frilled lizards
  7 goblins
  5 rats
48 creatures vanquished.

Vanquished Creatures (others)
  An orc (D:3)
1 creature vanquished.

Grand Total: 49 creatures vanquished

Notes
Turn   | Place    | Note
-------+----------+-------------------------------------------
     0 | D:1      | miernota the Minotaur Berserker began the quest for the Orb.
     0 | D:1      | Reached XP level 1. HP: 19/19 MP: 0/0
   335 | D:1      | Reached XP level 2. HP: 27/27 MP: 1/1
   447 | D:1      | Reached skill level 4 in Axes
   780 | D:2      | Reached XP level 3. HP: 27/33 MP: 2/2
   833 | D:2      | Reached ** piety under Trog
  1304 | D:3      | Reached XP level 4. HP: 29/40 MP: 3/3
  1409 | D:3      | Reached skill level 5 in Axes
  1471 | D:3      | Noticed Sigmund
  1476 | D:3      | Slain by Sigmund

Vault maps used:
D:1:      dpeg_arrival_three_same_balls
D:2:      kennysheep_generic_room_7
D:3:      chequers_ecumenical_altar_lobes, minmay_misc_feat_diagonals,
          uniq_sigmund

Skill      XL: |  1  2  3  4 |
---------------+-------------+-----
Axes           | 4 5 |  5.0
Armour         | 3 |  3.1
Fighting       | 4 |  4.2
Dodging        | |  2.9

Action                   |  1- 3 |  4- 6 || total
-------------------------+-------+-------++-------
Melee: Hand axe          |    75 |    17 ||    92
       Headbutt          |    12 |     3 ||    15
Invok: Berserk           |       |     1 ||     1
  Eat: Chunk             |     1 |     2 ||     3
Armor: Animal skin       |    21 |     4 ||    25
Dodge: Dodged            |    41 |    22 ||    63

Table legend:
 A = Spawn XP
 B = Non-spawn XP
 C = Spawn XP percentage of total XP
 D = Spawn monster count
 E = Non-spawn monster count
 F = Spawn count percentage of total count
 G = Total turns spent on level
                    A         B        C        D         E        F      G
               +---------+---------+-------+---------+---------+-------+---------
         Total |      15 |     111 |  11.9 |       6 |      43 |  12.2 |  1476
               +---------+---------+-------+---------+---------+-------+---------
           D:1 |      10 |      22 |  31.2 |       3 |      15 |  16.7 |   763
           D:2 |       2 |      52 |   3.7 |       2 |      12 |  14.3 |   528
           D:3 |       3 |      37 |   7.5 |       1 |      16 |   5.9 |   185
               +---------+---------+-------+---------+---------+-------+---------
